[Event "FIDE CB Open 2022"]
[Site "Ceske Budejovice"]
[Date "2022.07.06"]
[Round "6.26"]
[White "Svanda, Adam"]
[Black "Koch-Muller, Oscar"]
[Result "0-1"]
[ECO "A14"]
[WhiteElo "1918"]
[BlackElo "2115"]
[Annotator "TA"]
[PlyCount "82"]
[EventDate "2022.07.01"]
[EventType "swiss"]
[EventCountry "CZE"]
[SourceTitle "playchess.com"]
[Source "ChessBase"]
[SourceQuality "1"]
[TimeControl "40/5400+30:1800+30"]

1. c4 e6 2. g3 Nf6 3. Bg2 d5 4. Nf3 Be7 5. O-O O-O 6. d3 Nc6 {[%emt 0:00:04] A14: English Opening: 1...e6 with b3 by White.} 7. a3 a5 {[%emt 0:00:23] Prevents b4.} 8. b3 (8. Nc3 $142) 8... d4 $11 {[%emt 0:01:49] Black has an edge.} 9. Bb2 e5 10. e3 {[%emt 0:02:46] [#]} (10. Qc1 $15) 10... Bg4 {[%emt 0:10:01] [#]} ({Black should play} 10... dxe3 $1 $17 {aiming for ...Ng4.} 11. fxe3 Ng4) 11. e4 $146 (11. exd4 $1 $11 exd4 12. h3) ({Predecessor:} 11. h3 Bf5 12. e4 Bc8 13. Nbd2 Nd7 14. Qe2 Nc5 15. Rfb1 h5 16. b4 axb4 17. axb4 Rxa1 18. Bxa1 {0-1 (44) Alvarez,J (2102)-Pinto Pinares,M (2200) Santiago de Chile 2008}) 11... Qd7 12. Nbd2 Rae8 13. Qc2 Nh5 14. Ne1 {[%emt 0:01:46] White is now going downhill.} (14. Rfb1 $15) 14... Be2 $17 {[%emt 0:01:54] Black is much more active. The white rooks are badly placed.} 15. f3 {[%emt 0:03:26] [#] Rf2 is the strong threat.} Bxf1 16. Nxf1 g6 17. Bc1 Ng7 18. Bh6 Nd8 19. h4 f6 20. Qd2 Nf7 21. Nh2 (21. Bxg7 $142 Kxg7 22. Nc2) 21... Nxh6 $19 22. Qxh6 f5 23. Bh3 Qd6 24. g4 fxe4 25. fxe4 Qf6 {[%emt 0:01:59] And now ...Qf2+ would win.} 26. Nef3 Qf4 27. Qxf4 Rxf4 28. g5 Bd6 29. Kg2 Nh5 30. Bg4 Ref8 31. Bxh5 (31. b4 $17 {was necessary.}) 31... gxh5 32. Ra2 b6 33. Kg3 Kg7 34. Ra1 h6 35. gxh6+ (35. a4 $142) 35... Kxh6 36. a4 Rg8+ 37. Ng5 (37. Kh3 $142) 37... Be7 {[%emt 0:02:36] Black is clearly winning.} 38. Nhf3 Rg4+ 39. Kh3 Bxg5 40. hxg5+ Kh7 {[%emt 0:00:58] Strongly threatening ...Rf8.} 41. Rf1 Rf8 {[%emt 0:31:04] Weighted Error Value: White=0.60/Black=0.21 (precise)} 0-1

[Event "FIDE CB Open 2022"]
[Site "Ceske Budejovice"]
[Date "2022.07.06"]
[Round "6.27"]
[White "Prazak, Daniel"]
[Black "Hlavac, Rudolf"]
[Result "1-0"]
[ECO "B30"]
[WhiteElo "2113"]
[BlackElo "1931"]
[Annotator "TA"]
[PlyCount "49"]
[EventDate "2022.07.01"]
[EventType "swiss"]
[EventCountry "CZE"]
[SourceTitle "playchess.com"]
[Source "ChessBase"]
[SourceQuality "1"]
[TimeControl "40/5400+30:1800+30"]

1. Nf3 c5 2. e4 Nc6 3. Nc3 e5 4. Bc4 Be7 5. d3 d6 6. O-O Nf6 7. Ng5 O-O 8. f4 Bg4 {[%emt 0:03:02] B30: Sicilian: 2...Nc6 3 Bb5, lines without ...g6.} 9. Qe1 Nd4 10. fxe5 {[%emt 0:02:00] is the legacy move (10.Qf2).} (10. Qh4 {with more complications.} h5 11. h3 Be6 12. fxe5 dxe5 13. Nxe6 fxe6 14. a4) 10... dxe5 {[%emt 0:04:38] The position is equal.} (10... Nxc2 $2 11. Nxf7 Rxf7 12. Bxf7+ Kxf7 13. exf6 $1 Bxf6 14. Qh4 $1 $18) 11. Qh4 {[%emt 0:18:55][%cal Of1f6] Strongly threatening Rxf6!} h6 $2 (11... h5 $11 {and Black has nothing to worry.}) 12. Nxf7 $1 $18 Rxf7 13. Bxf7+ Kxf7 14. Qxg4 Nxc2 15. Rb1 Qd4+ 16. Kh1 {[%emt 0:01:16] aiming for Nd5.} Qxd3 {[%emt 0:00:27][%cal Rd3f1] [#]} 17. Rf3 {[%emt 0:09:45] [#] The board is on fire.} (17. Bxh6 $142 $1 gxh6 18. Rbd1) 17... Qd6 $146 (17... Rd8 18. Bxh6 (18. Rxd3 Nxg4 19. Rxd8 Bxd8 $11) 18... gxh6) ({Predecessor:} 17... Nd4 18. Qxg7+ Kxg7 19. Rxd3 Rf8 20. Be3 Ng4 21. Nd5 Bg5 22. h3 Nxe3 23. Nxe3 Rf4 {1-0 (49) Zeller,F (2402)-Wolf,U (2161) Heusenstamm 2016}) 18. Qh5+ ({Not} 18. Nd5 Nd4 $18) 18... Kg8 19. Qg6 {[%emt 0:00:31] Black must now prevent Bxh6.} Nh7 20. Nd5 {[%emt 0:05:13] Hoping for Qf7+.} Bf8 $2 (20... Kh8 21. Qf7 Bh4) 21. Qf7+ {[%emt 0:02:14] White is clearly winning.} Kh8 {[%emt 0:04:29] [#]} 22. Bxh6 $1 gxh6 23. Rg3 ({Weaker is} 23. Qxb7 Qb8 24. Rb3 Qxb7 25. Rxb7 Ng5 $11) 23... Ng5 {[%emt 0:00:20] [#]} 24. Rxg5 $1 hxg5 25. Nf6 {[%emt 0:00:11] Black got outplayed after the opening.  Weighted Error Value: White=0.43/Black=0.80} 1-0

[Event "FIDE CB Open 2022"]
[Site "Ceske Budejovice"]
[Date "2022.07.06"]
[Round "6.28"]
[White "Saravanan Durga"]
[Black "Sykora, Ondrej"]
[Result "1-0"]
[ECO "A44"]
[WhiteElo "1908"]
[BlackElo "2099"]
[Annotator "TA"]
[PlyCount "154"]
[EventDate "2022.07.01"]
[EventType "swiss"]
[EventCountry "CZE"]
[SourceTitle "playchess.com"]
[Source "ChessBase"]
[SourceQuality "1"]
[TimeControl "40/5400+30:1800+30"]

1. d4 c5 2. d5 e5 3. e4 d6 4. Nf3 Nf6 5. Nc3 Be7 6. Be2 O-O 7. O-O Ne8 8. Nd2 g6 {[%emt 0:00:15] A44: Semi-Benoni.} 9. Nc4 f5 10. f4 (10. Bh6 {keeps more tension.} Ng7 11. f4 exf4 12. exf5 g5 13. g4) 10... exf4 {[%emt 0:02:57] [#]} (10... Nd7 $142) 11. exf5 $146 (11. Rxf4 $6 Bf6 $14) (11. Bxf4 $16 {Hoping for exf5.} fxe4 12. Nxe4) ({Predecessor:} 11. Bxf4 g5 12. Bd2 f4 13. g3 Bh3 14. Rf3 Bg4 15. Rf2 Bd7 16. a4 fxg3 17. Rxf8+ Bxf8 18. hxg3 {1-0 (40) Steingrimsson,H (2439)-Aleskerov,F (2309) Kusadasi 2006}) 11... g5 $14 12. Bd3 {[%emt 0:29:14][%cal Oh2h4] Threatens to win with h4!} (12. h4 $5) 12... Ng7 (12... Bf6 $14) 13. h4 $1 $16 h6 14. hxg5 hxg5 15. g4 Bf6 16. Ne4 (16. Bd2 $16) 16... Ne8 $14 17. a4 {[%emt 0:06:34] And now Kg2 would win.} Na6 (17... b6 $14) 18. c3 $18 Nac7 19. Bc2 (19. Kf2 $18) 19... b6 $14 20. Bb3 {[%emt 0:02:51] White is much more active. The black rooks are badly placed.} (20. Ncd2 $1 $16) 20... Ba6 (20... Rf7 $11) 21. Rf2 (21. Kf2 $16) 21... Bxc4 (21... Rf7 $14) 22. Bxc4 $16 Qe7 23. Qd3 (23. Qf3 $1 $16) 23... Ng7 $2 (23... Rf7 $11 {and Black is okay.}) 24. Bd2 Kf7 25. Rh2 Rh8 26. Rxh8 (26. Re1 $18 Qd7 27. Bb5 Nxb5 28. Qxb5 (28. axb5 Rxh2 29. Kxh2 Rh8+ 30. Kg2 Rh4 $14)) 26... Rxh8 $14 27. Kg2 ({Better is} 27. Re1 $14 Qd8 28. Kg2 (28. Nxf6 Qxf6 29. Qf3 Qh6 $17)) 27... Rh4 28. Nf2 (28. Nxf6 $2 Qxf6 29. Rh1 (29. Qf3 $2 Qh6 $19) 29... Rxg4+ 30. Kf2 Rg3 $19) 28... Qd8 29. Rh1 Qh8 30. Rxh4 Qxh4 31. b4 Be5 ({Black should play} 31... Nge8 $14) 32. Qf3 (32. bxc5 $16 {Strongly threatening Qh3.} bxc5 33. Qh3) 32... Nge8 33. Nd3 (33. Qh3 $14 Nf6 34. Qxh4 gxh4 35. g5 Nfxd5 36. Kh3) 33... Kf6 (33... Qh8 $5 34. Nf2 (34. Nxe5+ Qxe5 35. Qe2 Ke7 $17) 34... cxb4 35. cxb4 Nf6 $11) 34. Be1 {[%emt 0:00:21] Chess con chili.} ({Much weaker is} 34. Nxe5 dxe5 35. Bd3 Ke7 $17) 34... Qh8 35. Nf2 (35. bxc5 $14 bxc5 36. Bf2) 35... Ke7 $11 36. Ne4 Qh6 37. a5 b5 38. Ba2 (38. Be2 $11 {and White has nothing to worry.}) 38... c4 $1 $19 39. Qd1 $2 (39. Bf2 $17 a6 40. Bb1) 39... f3+ 40. Kxf3 (40. Qxf3 $142 Qh2+ 41. Kf1 Qxa2 42. Nxg5) 40... Qh1+ 41. Ke3 Bf4+ 42. Kd4 Nf6 43. Nxf6 Kxf6 (43... Qg1+ $142 44. Bf2 Qxd1+ 45. Ke4 Qd3#) 44. Bxc4 Be5+ {[%emt 0:00:00][%mdl 64] Deflection} 45. Ke3 bxc4 46. Kd2 Qxd5+ (46... Nxd5 $142 47. Kc1 Nxc3 48. Bxc3 Qxd1+ 49. Kxd1 Bxc3 50. Ke2 Bxb4 51. Ke3 d5 52. Kd4 Bxa5 53. Ke3 Bb6+ 54. Kd2 d4 55. Kc2 d3+ 56. Kc3 Ba5+ 57. Kb2 c3+ 58. Kb1 c2+ 59. Kc1 Bb4 60. Kb2 Bd2 61. Ka2 c1=Q 62. Kb3 Qc2+ 63. Ka3 Qb1 64. Ka4 Qb4#) 47. Kc2 Qxd1+ 48. Kxd1 Nb5 (48... a6 $142 49. Kc1 Nb5) 49. Kc2 a6 50. Bd2 d5 51. Be1 Kf7 (51... Ke7 $142 52. Bd2 Kf6 53. Be1 d4 54. cxd4 Bxd4 55. Kc1 Nc3 56. Kd2 Ne4+ 57. Kc2 Ke5 58. b5 axb5 59. a6 Kd5 60. Bb4 Nf2 61. Bc3 Ba7 62. Bd2 Nxg4 63. Bxg5 Ne3+ 64. Kb2 Nxf5 65. Bd2 Nd4 66. Bf4 Nc6 67. Bh2 Nb4 68. Bc7 Nxa6 69. Bg3 b4 70. Be1 Bd4+ 71. Kb1 b3 72. Bd2 c3 73. Bxc3 Bxc3 74. Kc1 b2+ 75. Kb1 Kc4 76. Ka2 Bd4 77. Kb1 Kc3 78. Ka2 Kc2 79. Ka3 b1=Q 80. Ka4 Qb4#) 52. Kb2 Bf6 53. Kc2 Ke8 54. Bd2 Kd7 55. Be1 Kc6 (55... Kc7 $142 56. Kb2 Kc6 57. Kc2 d4 58. cxd4 Nxd4+ 59. Kd1 Nf3 60. Bf2 Ne5 61. Ke2 Nxg4 62. Bg1 Nh6 63. Kf3 Nxf5 64. Ke4 {[#]} Bd4 $1 65. Bh2 c3 $1 66. Kd3 Kb5 67. Bb8 Kxb4 68. Ke4 c2 69. Kxf5 c1=Q 70. Bd6+ Kb5 71. Bg3 Qc3 72. Kg4 Qe3 73. Bb8 Qe6+ 74. Kxg5 Qg8+ 75. Kh4 Qxb8 76. Kg5 Qe5+ 77. Kg4 Qe4+ 78. Kg3 Kxa5 79. Kh3 Qf3+ 80. Kh2 Qg4 81. Kh1 Qh3#) 56. Kb2 Nd6 57. Bd2 Ne4 58. Be1 Be5 59. Kc2 Bf4 {[%emt 0:00:00] White must now prevent ...Nf6.} 60. Kd1 Nf6 61. Ke2 Nxg4 62. Kf3 Ne5+ 63. Ke2 Nd3 {[%emt 0:00:00] Black mates.} 64. f6 Nxe1 65. f7 {[%emt 0:00:00] [#]} Bd6 $1 66. Kxe1 {[%emt 0:00:00] KB-KP} (66. b5+ Kxb5) 66... d4 67. Kd2 g4 68. cxd4 Bxb4+ {[%emt 0:00:00] KB-K3P} 69. Ke2 g3 70. Kf3 c3 71. Ke2 g2 72. Kf2 c2 73. Kxg2 c1=Q 74. Kg3 Qg5+ 75. Kh3 Bd6 76. d5+ Kxd5 77. f8=Q Qg3# {[%emt 0:00:00][%mdl 32768] A wild game.  Weighted Error Value: White=0.71/Black=0.83. Loss on time!?} 1-0

[Event "FIDE CB Open 2022"]
[Site "Ceske Budejovice"]
[Date "2022.07.06"]
[Round "6.29"]
[White "Zilavy, Jan"]
[Black "Toman, Jan"]
[Result "1-0"]
[ECO "D58"]
[WhiteElo "2090"]
[BlackElo "2142"]
[Annotator "TA"]
[PlyCount "101"]
[EventDate "2022.07.01"]
[EventType "swiss"]
[EventCountry "CZE"]
[SourceTitle "playchess.com"]
[Source "ChessBase"]
[SourceQuality "1"]
[TimeControl "40/5400+30:1800+30"]

1. d4 Nf6 2. c4 e6 3. Nf3 d5 4. Nc3 Be7 5. Bg5 h6 6. Bh4 O-O 7. e3 b6 8. Be2 Bb7 9. Bxf6 Bxf6 10. cxd5 exd5 11. b4 c5 12. bxc5 bxc5 13. Rb1 Ba6 {[%emt 0:06:01] D58: Queen's Gambit Declined: Tartakower Defence.} 14. O-O Bxe2 15. Nxe2 {[%emt 0:00:45] [#]} Nd7 $146 {[%emt 0:21:32] White is slightly better.} ({Predecessor:} 15... c4 16. Qa4 Nd7 17. Nc3 Nb6 18. Qa5 Qd6 19. Nb5 Qd7 20. Nc3 Rfd8 21. Rfc1 Qd6 {½-½ (29) Zhukova,N (2499)-Voit,D (2319) Moscow 2010}) 16. dxc5 Nxc5 17. Nf4 Ne4 18. Nxd5 Nc3 19. Nxc3 Bxc3 20. Qxd8 Rfxd8 21. Rb7 Rdb8 22. Rfb1 {[%emt 0:00:43] White is more active.} Rxb7 23. Rxb7 $16 {[%emt 0:00:05][%mdl 4096] Endgame KRB-KRN} a5 24. Kf1 Rd8 25. Ke2 {[%emt 0:00:29] Prevents Rd1.} Bb4 26. Nd4 Rc8 27. Ra7 Rc3 28. a4 Ra3 29. Nc2 Rxa4 30. Nxb4 Rxb4 31. Rxa5 {[%emt 0:00:08] KR-KR} g6 32. Rd5 h5 33. f4 Rb6 34. f5 Kg7 35. fxg6 fxg6 36. e4 (36. h4 $14 {might be stronger.}) 36... Kf6 (36... Rb2+ $1 $11 {is more appropriate.} 37. Kf3 h4) 37. h3 (37. h4 $14) 37... Ra6 (37... h4 $11) 38. Kf3 (38. h4 $1 $14) 38... Ra2 (38... h4 $1 $11 {deserves consideration.}) 39. Rd6+ (39. h4 $1 $14) 39... Kf7 (39... Kg5 $1 $11) 40. e5 (40. h4 $14 {feels stronger.}) 40... Rb2 $11 41. g3 Rh2 42. Rf6+ Kg7 $1 43. Rf4 {[%emt 0:00:37] aiming for e6.} Ra2 44. Re4 Ra7 45. Kf4 {[%emt 0:00:00] And now g4 would win.} Rf7+ $1 46. Kg5 {[%emt 0:00:00] Threatens to win with e6.} Rf3 $2 {[%emt 0:00:00][%mdl 8192] [#] Loses the game.} ({Black should play} 46... Rf5+ $1 $14 47. Kh4 Kf7) 47. e6 $1 $18 {[%emt 0:00:00] White threatens e7 and mate.} Kf8 (47... Rf5+ $18 48. Kh4 Kf8 49. e7+ Ke8) 48. Rf4+ {[%emt 0:00:00] White mates.} Rxf4 49. gxf4 Ke7 50. Kxg6 Kxe6 51. f5+ {[%emt 0:00:00] Weighted Error Value: White=0.11 (very precise) /Black=0.41} 1-0

[Event "FIDE CB Open 2022"]
[Site "Ceske Budejovice"]
[Date "2022.07.06"]
[Round "6.30"]
[White "Mrazik, Tomas"]
[Black "Slaby, Matej"]
[Result "1-0"]
[ECO "B54"]
[WhiteElo "2055"]
[BlackElo "1796"]
[Annotator "TA"]
[PlyCount "123"]
[EventDate "2022.07.01"]
[EventType "swiss"]
[EventCountry "CZE"]
[SourceTitle "playchess.com"]
[Source "ChessBase"]
[SourceQuality "1"]
[TimeControl "40/5400+30:1800+30"]

1. e4 c5 2. Nc3 e6 3. Nf3 a6 4. d4 cxd4 5. Nxd4 d6 6. g3 b6 {[%emt 0:00:24] B54: Sicilian: 2...d6 3 d4 cxd4 4 Nxd4, Unusual Lines .} 7. Bg2 Bb7 8. O-O Nf6 {[%emt 0:00:19] The position is equal.} 9. Re1 {[%emt 0:00:22] And now e5 would win.} Qc7 {[%emt 0:00:24] [#]} 10. Be3 ({Better is} 10. Nd5 $1 $16 exd5 11. exd5+ Kd8 12. Bg5) 10... Be7 11. a4 Nbd7 12. Qe2 O-O {[%emt 0:00:53] [#]} 13. g4 $146 ({Predecessor:} 13. Rad1 Rfe8 14. h3 Nc5 15. Bc1 Rac8 16. Kh2 Qb8 17. f4 g6 18. b4 Ncd7 19. Bb2 {1-0 (41) Shuvalova,P (2454)-Morris Suzuki,S (2043) Chess.com INT 2020}) 13... Ne5 14. g5 Nfd7 15. Rad1 Rfe8 (15... Nc4 $5 16. Bc1 Bxg5 17. Bxg5 Nxb2 $11) 16. Bc1 Nc6 17. Qh5 g6 18. Qg4 Bf8 19. Re3 (19. Nxc6 $11 Qxc6 20. Qg3) 19... Nxd4 $15 20. Rxd4 Bg7 21. Rd1 Bc6 (21... Rec8 $15) 22. Rh3 b5 23. axb5 axb5 {[%emt 0:02:53] Strongly threatening ...b4.} 24. Bf4 e5 25. Be3 Nf8 (25... b4 $5 26. Nd5 Bxd5 27. Rxd5 Ra1+ 28. Bf1 (28. Rd1 Rea8 $15) 28... Nf8 $15) 26. Bf1 Bd7 27. Qe2 Bxh3 28. Bxh3 Qc4 29. Qd2 (29. Qxc4 $11 {keeps the balance.} bxc4 30. Bf1) 29... b4 30. Nd5 Ra2 ({Much worse is} 30... Qxe4 $6 31. Bg2 Qf5 32. Nc7 $11) 31. Rb1 Qxe4 32. Nxb4 ({Only move:} 32. Bg2 $1 $15 Qh4 33. Qxb4 Qxb4 34. Nxb4) 32... Ra4 $19 33. Nd5 $2 (33. Nd3) 33... Qh4 $2 (33... Qf3 $1 $19 34. Bc8 Rxc8 35. Ne7+ Kh8 36. Nxc8 Rg4+ 37. Kf1 Qh1+ 38. Ke2 Qxb1) 34. Bg2 Ne6 35. b4 Nd4 (35... Nf4 $17 36. Bxf4 exf4 37. Qxf4 Qxf4 38. Nxf4 Rc8) 36. c3 $11 Nb5 (36... Nf5 $15 {stays ahead.} 37. b5 Nxe3 38. Qxe3 Qg4) 37. Qd3 $16 {[%emt 0:01:17][%mdl 1024] White has strong compensation.} Rb8 (37... Na3 $16 {keeps fighting.} 38. Ra1 Qg4) 38. Ne7+ $2 ({White has to play} 38. Nb6 $18) 38... Kf8 $2 (38... Kh8 $11 {and Black stays safe.}) 39. Nc6 $18 Rb7 40. Na5 $2 (40. Qd5 $1 $18) 40... Rb8 $16 {[%emt 0:00:40][%cal Oe5e4] [#] White must now prevent ...e4!} 41. Nc6 $2 (41. Nb7 $1 $16 Rxb7 42. Bxb7 Qg4+ 43. Bg2) 41... Rb7 $18 {[%emt 0:30:11] [#]} 42. Nd8 (42. Qd5 $1 $18 {is the precise move to win.}) 42... Rb8 $16 43. Nb7 {[%emt 0:00:00] 0x0.0016861e1d09dp-1022s more active pieces.} Rxb7 44. Bxb7 {[%emt 0:00:00] A strong pair of Bishops.} Qg4+ 45. Bg2 Qf5 46. Qxf5 gxf5 47. Bc6 Nxc3 48. Bxa4 Nxb1 {[%emt 0:00:00][%mdl 4096] Endgame KBB-KBN} 49. b5 {[%emt 0:00:00][%cal Bb4b5,Bb5b6][%mdl 32] aiming for b6.} Ke7 50. b6 {[%emt 0:00:00] White wants to mate with b7.} Kd8 51. Bc2 Nc3 (51... f4 $16 {is more resistant.}) 52. Bxf5 $18 Nd5 53. Bxh7 Nxe3 $2 (53... f6 54. h4 Nxe3) 54. fxe3 {[%emt 0:00:00] KB-KB} Kd7 55. Be4 f6 56. g6 f5 57. Bd5 {[%emt 0:00:00] Threatening mate with b7.} Bf6 58. h4 (58. b7 $142 Kc7 59. Kf2 Kb8 60. e4 f4 61. Kf3 Bg7 62. h4 Kc7 63. Kg4) 58... Bg7 59. Kg2 Bh6 60. b7 Kc7 61. Kg3 {[%emt 0:00:54] White threatens e4 and mate.} Kb8 62. e4 {[%emt 0:01:52] Weighted Error Value: White=0.57/Black=0.85} 1-0

[Event "FIDE CB Open 2022"]
[Site "Ceske Budejovice"]
[Date "2022.07.06"]
[Round "6.31"]
[White "Kotleska, Roman"]
[Black "Sudrich, Radek"]
[Result "0-1"]
[ECO "C44"]
[WhiteElo "1863"]
[BlackElo "2049"]
[Annotator "TA"]
[PlyCount "64"]
[EventDate "2022.07.01"]
[EventType "swiss"]
[EventCountry "CZE"]
[SourceTitle "playchess.com"]
[Source "ChessBase"]
[SourceQuality "1"]
[TimeControl "40/5400+30:1800+30"]

1. e4 e5 2. d4 exd4 3. c3 d5 4. exd5 Qxd5 5. cxd4 Nc6 6. Nf3 Nf6 7. Nc3 Bb4 8. Bd2 Bxc3 9. bxc3 O-O 10. Be2 Bg4 11. O-O {[%emt 0:00:28] C44: Ponziani Opening and Scotch Gambit.} Rfe8 12. Be3 Rad8 13. Re1 {[%emt 0:14:08] [#] The position is equal.} Qf5 $146 ({Predecessor:} 13... Ne4 14. Qc2 Qa5 15. Rac1 h6 16. Qb2 Nd6 17. h3 Bh5 18. g4 Bg6 19. c4 Qb4 {0-1 (30) Chekhov,V (2470)-Butnorius,A Daugavpils 1978}) 14. h3 Bh5 15. g4 (15. Qb3 $14) 15... Bxg4 $1 $17 {[%emt 0:00:11] Black is more active.} 16. hxg4 {[%emt 0:00:09] This costs White the game.} (16. Bd3 $17 Qxf3 17. hxg4) 16... Qxg4+ $19 17. Kh2 $2 {[%emt 0:13:17] [#]} ({Much weaker is} 17. Kf1 Qh3+ 18. Kg1 Rxe3 $1 $19) (17. Kh1 Rxe3 18. Nh2 (18. fxe3 $2 Ne4 $19) 18... Qe4+ 19. Bf3 Rxe1+ 20. Qxe1) 17... Rxe3 $1 {[%emt 0:13:46][%mdl 512] Black is clearly winning.} 18. fxe3 {[%emt 0:00:37] [#]} (18. Rg1 Qf4+) 18... Rd5 $1 ({Stronger than} 18... Ne4 19. Rg1 Qh5+ 20. Kg2 $17) 19. Ne5 Qh4+ 20. Kg2 Nxe5 21. dxe5 Rxd1 22. Raxd1 Ne4 {[%emt 0:00:19] ( -> ...Qf2+)} 23. Rf1 {[%emt 0:01:41] Prevents Qf2+.} Qg3+ 24. Kh1 g6 {[%emt 0:00:52] Hoping for ...Qh3+.} 25. e6 Qh3+ 26. Kg1 Qxe3+ 27. Kh1 Qh3+ (27... Qxe2 {leads to mate.} 28. exf7+ Kf8 29. Rd8+ Ke7 30. f8=Q+ Ke6 31. Qe8#) 28. Kg1 Qg3+ 29. Kh1 fxe6 30. Rd8+ Kg7 {[%emt 0:00:07] Threatens to win with ...Qh4+.} 31. Rdf8 Qh3+ 32. Kg1 Qe3+ {[%emt 0:00:02] Weighted Error Value: White=1.11/Black=0.25 (precise)} 0-1

[Event "FIDE CB Open 2022"]
[Site "Ceske Budejovice"]
[Date "2022.07.06"]
[Round "6.32"]
[White "Vaculik, Martin"]
[Black "Sadek, Vojtech"]
[Result "1-0"]
[ECO "E04"]
[WhiteElo "2284"]
[BlackElo "1973"]
[Annotator "TA"]
[PlyCount "130"]
[EventDate "2022.07.01"]
[EventType "swiss"]
[EventCountry "CZE"]
[SourceTitle "playchess.com"]
[Source "ChessBase"]
[SourceQuality "1"]
[TimeControl "40/5400+30:1800+30"]

1. d4 Nf6 2. c4 e6 3. g3 d5 4. Nf3 dxc4 5. Bg2 a6 6. O-O Nc6 7. e3 Rb8 8. Nfd2 e5 {[%emt 0:00:25] E04: Open Catalan: 5 Nf3.} 9. Nxc4 (9. Bxc6+ $16 bxc6 10. dxe5) 9... exd4 $11 10. Bxc6+ {[%emt 0:00:25][%mdl 64] Remove Defender} bxc6 {[%emt 0:00:07] The position is equal.} 11. Qxd4 {[%emt 0:00:02] [#]} Bh3 $146 {[%emt 0:07:45] Hoping for ...Qd5.} ({Predecessor:} 11... Qxd4 12. exd4 Be6 13. Ne5 c5 14. b3 Bd6 15. Ba3 Rb5 16. Nc4 O-O 17. dxc5 Bxc5 {½-½ (110) Yordanov,L (2325)-Studer,N (2584) Tornelo INT 2021}) 12. Rd1 Qd5 13. Qe5+ Qxe5 14. Nxe5 c5 15. Nc3 (15. b3 {with more complications.} Ne4 16. Nc6 Ra8 17. f3) 15... Bd6 16. Nc4 Be7 17. b3 O-O 18. f3 {[%emt 0:07:22] Inhibits Bg4.} Be6 19. Ba3 Rfd8 20. Kf2 Nd5 21. Nxd5 Bxd5 22. Rac1 Bxc4 23. bxc4 Kf8 24. Ke2 Rd6 25. Rxd6 cxd6 $14 {[%emt 0:00:43][%mdl 4096] Endgame KRB-KRB} 26. Rc2 (26. Rc3 $1 $14) 26... Bf6 $11 27. Kd3 Ke7 28. Rc1 Kd7 29. Kc2 Kc6 30. e4 Bd4 31. Kd3 (31. Rb1 $11 Rf8 32. Bb2) 31... h5 (31... f5 $5 32. Re1 (32. exf5 $2 Re8 $19) 32... fxe4+ 33. Rxe4 Rb1 $15) 32. Rf1 g5 33. Ke2 Re8 34. Kd3 f6 35. Rb1 h4 36. g4 h3 37. Bb2 $2 (37. Kc2 $1 $11 {and White is okay.}) 37... Rb8 $19 38. Kc2 Rb4 $2 ({Black should play} 38... Kd7 $1 $19 {...Ke6 is the strong threat.} 39. Bxd4 Rxb1 40. Kxb1 cxd4) 39. Bxd4 $11 {[%emt 0:00:17] And now Rxb4 would win.} Rxb1 40. Kxb1 cxd4 {[%emt 0:00:01] KP-KP} 41. Kc2 Kc5 42. Kd3 a5 43. a4 Kb4 $2 (43... Kb6 $1 $11 44. Kxd4 Kc6) 44. Kxd4 $18 Kxa4 $2 (44... Kb3 $18 45. Kd5 Kxa4) 45. Kc3 {[%emt 0:00:00] White mates.} Ka3 {[%emt 0:00:00] [#]} 46. f4 $1 gxf4 {[%emt 0:00:00] [#]} 47. e5 $1 {[%emt 0:00:00][%mdl 64] Deflection} fxe5 48. g5 f3 49. Kd2 f2 50. Ke2 f1=Q+ 51. Kxf1 Kb2 52. g6 a4 53. g7 a3 54. g8=Q a2 55. Qb8+ Kc2 56. Qa7 Kb2 57. Qb6+ Kc2 58. Qa5 Kb2 59. Qb4+ Kc2 60. Qa3 Kb1 61. Qb3+ Ka1 62. Ke1 d5 63. cxd5 e4 64. Kd1 e3 65. Kc1 e2 {[%emt 0:00:00] What a bad dream for Black.  Weighted Error Value: White=0.26 (precise) /Black=0.36} 1-0

[Event "FIDE CB Open 2022"]
[Site "Ceske Budejovice"]
[Date "2022.07.06"]
[Round "6.34"]
[White "Simacek, Vaclav"]
[Black "Borkovec, Milan"]
[Result "0-1"]
[WhiteElo "1856"]
[BlackElo "2188"]
[Annotator "TA"]
[PlyCount "18"]
[EventDate "2022.07.01"]
[EventType "swiss"]
[EventCountry "CZE"]
[SourceTitle "playchess.com"]
[Source "ChessBase"]
[SourceQuality "1"]
[TimeControl "40/5400+30:1800+30"]

1. e4 e5 2. Nc3 Nf6 3. f4 d5 4. exd5 Nxd5 5. fxe5 Qh4+ 6. Ke2 $4 {[%emt 0:00:00][%mdl 8192] [#] C29: Vienna Game: 2...Nf6 3 f4.} (6. g3 $11 {and White has nothing to worry.} Nxc3 7. gxh4 (7. Bb5+ Nc6 $11) 7... Nxd1 8. Kxd1) 6... Qh5+ $146 ({Inferior is} 6... Nf4+ 7. Ke3 Nd3 8. Kxd3 $11 (8. Nf3 {gets mated.} Bc5+ 9. Kxd3 Bf5+)) (6... Bg4+ $19 7. Nf3 Bxf3+ 8. Kxf3 Qf4+ 9. Ke2 Qxe5+ 10. Kf3 Qf6+ 11. Ke2 Qe5+ 12. Kf3 Qf5+ 13. Ke2 Qe5+) ({Predecessor:} 6... Bg4+ 7. Nf3 Nc6 8. Nxd5 Bxf3+ 9. gxf3 Qc4+ 10. d3 Qxd5 11. c3 Qxe5+ 12. Kf2 O-O-O {1-0 (43) Tlale,T (1790)-Solomons,A (1931) Tunis 2013}) 7. Nf3 $1 $14 f6 $2 8. h3 $2 (8. Nxd5 $18 Qf7 9. Ne3) 8... fxe5 {[%emt 0:02:20] Threatens to win with ...Nxc3+.} 9. h4 $2 {[%emt 0:05:49][%mdl 8192] [#]} (9. Qe1 $11 Be6 10. Kd1) 9... Qg6 $4 {[%emt 0:08:50][%mdl 40960] Weighted Error Value: White=2.40/Black=2.43. Loss on time!?} 0-1